 Dungeon Crawl Stone Soup version 0.31-a0-263-ge8cad7f256 (webtiles) character file.

Game seed: 3940519649494619544

285 qw the Shooter (level 6, -3/50 (51) HPs)
             Began as a Minotaur Hexslinger on July 13, 2023.
             Slain by a wight
             ... wielding a +5 dire flail
              (6 damage)
             ... on level 4 of the Dungeon.
             The game lasted 00:01:01 (2889 turns).

qw the Shooter (Minotaur Hexslinger)                Turns: 2889, Time: 00:01:02

HP:   -3/50 (51)    AC:  6    Str: 12    XL:     6   Next: 7%
MP:   6/6           EV: 11    Int: 10    God:
Gold: 268           SH:  0    Dex: 15    Spells: 6/7 levels left

rFire   . . .        Y - +2 sling
rCold   . . .        (no shield)
rNeg    . . .        e - +0 ring mail
rPois   .            (helmet restricted)
rElec   .            (no cloak)
rCorr   .            (no gloves)
SInv    .            b - +0 pair of boots
Will    .....        (no amulet)
Stlth   +            (no ring)
HPRegen 0.28/turn    (no ring)
MPRegen 0.10/turn

%: no passive effects
@: about to teleport, lightly drained
A: horns 2, retaliatory headbutt
a: no special abilities


You were on level 4 of the Dungeon.
You visited 1 branch of the dungeon, and saw 4 of its levels.

You collected 268 gold pieces.


Innate Abilities, Weirdness & Mutations

You have a pair of horns on your head.
You reflexively headbutt those who attack you in melee.


   Skills:
 + Level 3.1 Fighting
 - Level 6.1 Ranged Weapons
 - Level 2.1 Armour
 - Level 2.1 Dodging
 - Level 1.0 Spellcasting
 - Level 2.0 Hexes


You had 6 spell levels left.
You knew the following spells:

 Your Spells              Type           Power      Damage    Failure   Level
a - Slow                  Hex            16%        N/A       32%         1

Your spell library contained the following spells:

 Spells                   Type           Power      Damage    Failure   Level
 Inner Flame              Hex/Fire       2%         N/A       83%         3
 Portal Projectile        Hex/Tloc       4%         N/A       83%         3
 Cause Fear               Hex            2%         N/A       97%         4

Inventory:

Hand Weapons
 Y - a +2 sling (weapon)
Armour
 b - a +0 pair of boots (worn)
 e - a +0 ring mail (worn)
Scrolls
 a - a scroll of identify
 d - 2 scrolls of teleportation
Potions
 f - a potion of curing

Dungeon Overview and Level Annotations

Branches:
Dungeon (4/15)
 Temple: D:4-7

Altars:
Cheibriados
Dithmenos
Elyvilon
Makhleb
Sif Muna
Xom

Annotations:
D:3 1 runed translucent door, qw's ghost, amateur GrHs


Message History

The sling bullet closely misses the wight. x2
The sling bullet hits the wight.
The wight is severely damaged.
The wight hits you with a +5 flail!
You shoot a sling bullet. The sling bullet hits the wight.
The wight is lightly damaged.
You shoot a sling bullet. The sling bullet hits the wight.
The wight is lightly damaged.
The wight completely misses you.
The wight hits you with a +5 dire flail.
The wight barely misses you. You furiously retaliate!
You headbutt the wight. You shoot a sling bullet.
The sling bullet hits the wight.
The wight is heavily damaged.
The wight barely misses you.
A wight comes into view. It is wielding a +5 short sword.
The wight barely misses you.
You shoot a sling bullet.
The sling bullet completely misses the wight.
You shoot a sling bullet. The sling bullet hits the wight.
The wight is severely damaged.
The wight closely misses you.
You shoot a sling bullet. The sling bullet hits the wight.
You destroy the wight!
The wight closely misses you. You furiously retaliate!
You headbutt the wight. The wight closely misses you. You furiously retaliate!
You headbutt the wight.
The wight hits you with a +4 long sword of freezing!
The wight freezes you.
Your Ranged Weapons skill increases to level 6!
You have reached level 6!
You shoot a sling bullet. The sling bullet hits the wight.
The wight is almost destroyed.
The wight hits you with a +5 dire flail!
You feel drained.
The wight hits you with a +4 long sword of freezing.
The wight freezes you.
2889 ||| READING 3 scrolls of teleportation.
As you read the scroll of teleportation, it crumbles to dust.
You feel strangely unstable.
The wight hits you with a +5 dire flail.
You die...

#............<.....~~~~~~....
#...................~~~~~7...
##...............#.~.~~~~....
##.....#..>.......~~~P~~....
############.#>...~.~~~....
............#.7~~~ #..
..######..####..P.P ##.
..........# .##.####%
.######@z## #...... #z##
#####.. #z# #... #z#
######.## #.# #......## ...
...####... ... #... ... #...
#...


You could see 4 wights.

Vanquished Creatures
  A wight (D:4)
  A hound (D:4)
  An iguana (D:4)
  Jessica (D:2)
  Ijyb (D:3)
  5 adders
  3 dart slugs
  4 orcs (D:3)
  4 ball pythons
  4 endoplasms
  5 giant cockroaches
  6 goblins
  8 hobgoblins
  3 jackals (D:4)
  7 kobolds
  2 quokkas
  4 bats
  3 frilled lizards
  5 rats
68 creatures vanquished.

Notes
Turn   | Place    | Note
-------+----------+-------------------------------------------
     0 | D:1      | qw the Minotaur Hexslinger began the quest for the Orb.
     0 | D:1      | Reached XP level 1. HP: 16/16 MP: 1/1
     0 | D:1      | 0 ||| qw: Version: 0.3-a-52-g30416fa
     0 | D:1      | 0 ||| qw: Game counter: 7179
     0 | D:1      | 0 ||| qw: Melee chars always use a shield: true
     0 | D:1      | 0 ||| qw: God list: Okawaru
     0 | D:1      | 0 ||| qw: Allow faded altars: false
     0 | D:1      | 0 ||| qw: Do Orc after clearing Dungeon:15 true
     0 | D:1      | 0 ||| qw: Do second Lair branch before Depths: true
     0 | D:1      | 0 ||| qw: Lair rune preference: random
     0 | D:1      | 0 ||| qw: Goals: Normal
     0 | D:1      | 0 ||| PLANNING D:1-11
    98 | D:1      | Reached skill level 3 in Ranged Weapons
   176 | D:1      | Reached XP level 2. HP: 23/23 MP: 2/2
   694 | D:1      | 694 ||| READING scroll labelled LUPTEAPSAL.
   698 | D:1      | 698 ||| READING scroll labelled VATZUY GIGUMO.
   699 | D:1      | 699 ||| READING scroll labelled MOATAGH UCOCK.
   700 | D:1      | 700 ||| READING scroll labelled YRONOB KU JIN.
   701 | D:1      | 701 ||| DROPPING scroll of poison.
   741 | D:2      | Noticed Jessica
   745 | D:2      | 745 ||| STAIRDANCE
   761 | D:2      | 761 ||| STAIRDANCE
   801 | D:2      | Killed Jessica
   802 | D:2      | Reached skill level 4 in Ranged Weapons
   802 | D:2      | Reached XP level 3. HP: 29/29 MP: 3/3
   981 | D:2      | Reached XP level 4. HP: 31/36 MP: 4/4
   982 | D:2      | 982 ||| FLEEEEING.
   987 | D:2      | 987 ||| FLEEEEING.
   988 | D:2      | 988 ||| FLEEEEING.
   989 | D:2      | 989 ||| FLEEEEING.
   990 | D:2      | 990 ||| FLEEEEING.
   991 | D:2      | 991 ||| FLEEEEING.
   992 | D:2      | 992 ||| FLEEEEING.
   993 | D:2      | 993 ||| FLEEEEING.
   994 | D:2      | 994 ||| FLEEEEING.
   995 | D:2      | 995 ||| FLEEEEING.
  1144 | D:2      | Found a snail-covered altar of Cheibriados.
  1331 | D:2      | Found a faded altar of an unknown god.
  1491 | D:2      | 1491 ||| UPGRADING to +0 pair of boots.
  1496 | D:2      | 1496 ||| UPGRADING to +0 ring mail.
  1506 | D:2      | 1506 ||| DROPPING +0 robe.
  1507 | D:2      | 1507 ||| READING 3 scrolls of identify.
  1507 | D:2      | 1507 ||| IDENTIFYING viscous yellow potion
  1508 | D:2      | 1508 ||| DROPPING potion of ambrosia.
  1673 | D:3      | Noticed Ijyb
  1679 | D:3      | HP: 2/36 [Ijyb/iceblast (11)]
  1680 | D:3      | 1680 ||| READING scroll of teleportation.
  1888 | D:3      | Killed Ijyb
  2028 | D:3      | Reached skill level 5 in Ranged Weapons
  2181 | D:3      | Found a runed translucent door.
  2188 | D:3      | Noticed qw's ghost (amateur GrHs)
  2273 | D:3      | Reached XP level 5. HP: 41/41 MP: 5/5
  2280 | D:3      | Found a shadowy altar of Dithmenos.
  2280 | D:3      | Found a shimmering altar of Xom.
  2453 | D:3      | Found a burning altar of Makhleb.
  2560 | D:3      | 2560 ||| READING scroll labelled LOOBRA FOBUEQ.
  2561 | D:3      | 2561 ||| READING 2 scrolls of identify.
  2561 | D:3      | 2561 ||| IDENTIFYING sapphire potion
  2579 | D:4      | Found a shimmering blue altar of Sif Muna.
  2619 | D:4      | Found a white marble altar of Elyvilon.
  2656 | D:4      | Reached skill level 3 in Fighting
  2826 | D:4      | 2826 ||| READING 2 scrolls of identify.
  2826 | D:4      | 2826 ||| IDENTIFYING grey potion
  2827 | D:4      | 2827 ||| DROPPING potion of berserk rage.
  2831 | D:4      | 2831 ||| Stepping ~*~*~tactically~*~*~ (water).
  2888 | D:4      | Reached skill level 6 in Ranged Weapons
  2888 | D:4      | Reached XP level 6. HP: 15/51 MP: 6/6
  2888 | D:4      | HP: 9/51 [wight/+5 dire flail (7)]
  2888 | D:4      | HP: 3/50 [wight/+4 long sword of freezing (2)]
  2889 | D:4      | 2889 ||| READING 3 scrolls of teleportation.
  2889 | D:4      | Slain by a wight

Levels and vault maps discovered:
D:1:      minmay_arrival_jagged, layout_basic
D:2:      layout_loops_ring, basic_altar,
          hellmonk_ecumenical_altar_leap_of_faith, uniq_jessica
D:3:      layout_basic, mainiacjoe_overflow_alcove_2, jmf_multi_god_temple,
          hellmonk_ghost_happy_afterlife, kennysheep_flooded_box,
          minmay_stone_trees_small, uniq_ijyb
D:4:      layout_rooms, mainiacjoe_overflow_six_doors_small,
          amcnicky_altar_gilded, lemuel_doored_altar,
          nicolae_hepliaklqana_hippocampus, serial_bayou_pond_b

Skill      XL: |  1  2  3  4  5 |
---------------+----------------+-----
Ranged Weapons | 3 4 5 6 |  6.1
Fighting       | 2 3 |  3.1
Armour         | 2 |  2.1
Dodging        | |  2.1
Spellcasting   | |  1.0
Hexes          | |  2.0

Action                     |  1- 3 |  4- 6 || total
---------------------------+-------+-------++-------
   Fire: Sling             |    58 |   160 ||   218
    Use: Scroll            |     4 |     6 ||    10
 Armour: Robe              |     1 |     1 ||     2
         Ring mail         |       |    13 ||    13
  Dodge: Dodged            |    16 |    41 ||    57

Table legend:
 A = Non-vault XP
 B = Vault XP
 C = Vault XP percentage of total XP
 D = Non-vault monster count
 E = Vault monster count
 F = Vault count percentage of total count
                 A         B        C        D         E       F
            +---------+---------+-------+---------+---------+-------
      Total |     274 |     134 |  32.8 |      60 |       8 |  11.8
            +---------+---------+-------+---------+---------+-------
        D:1 |      35 |       0 |   0.0 |      18 |       0 |   0.0
        D:2 |      59 |      37 |  38.5 |      13 |       1 |   7.1
        D:3 |      36 |      38 |  51.4 |      19 |       3 |  13.6
        D:4 |     144 |      59 |  29.1 |      10 |       4 |  28.6
            +---------+---------+-------+---------+---------+-------
